 Dungeon Crawl Stone Soup version 0.19-a0-1065-gdac414d (webtiles) character file.

7228 Gagarin the Nimble (level 10, -15/86 HPs)
             Began as a Yellow Draconian Conjurer on Aug 3, 2016.
             Was a Follower of Sif Muna.
             Demolished by Erolcha
             ... wielding a +0 giant spiked club
              (31 damage)
             ... while paralysed by Erolcha
             ... on level 9 of the Dungeon.
             The game lasted 00:42:26 (11628 turns).

Gagarin the Nimble (Yellow Draconian Conjurer)     Turns: 11628, Time: 00:42:27

Health: -15/86     AC:  8    Str: 11    XL:     10   Next: 88%
Magic:  1/19       EV:  2    Int: 18    God:    Sif Muna [*.....]
Gold:   429        SH:  0    Dex: 12    Spells: 6 memorised, 5 levels left

rFire  . . .     SeeInvis .     L - +3 long sword
rCold  . . .     Gourm    .     (armour unavailable)
rNeg   . . .     Faith    .     (no shield)
rPois  +         Spirit   .     (helmet restricted)
rElec  .         Dismiss  .     (no cloak)
rCorr  +         Reflect  .     I - +0 pair of gloves
SustAt .         Harm     .     (no boots)
MR     +....                    (no amulet)
Stlth  ++........               y - ring of poison resistance
                                k - ring of protection from magic

@: paralysed
A: spit acid, acid resistance, unfitting armour, cold-blooded, AC +7
a: Spit Acid, Divine Energy, Renounce Religion


You were on level 9 of the Dungeon.
You worshipped Sif Muna.
Sif Muna was aware of your devotion.
You were hungry.

You visited 2 branches of the dungeon, and saw 10 of its levels.
You also visited: Ossuary and Bailey.

You collected 429 gold pieces.

Inventory:

Hand Weapons
 r - a +0 blowgun
 L - a +3 long sword (weapon)
Missiles
 B - 66 poisoned needles
 K - 6 needles of frenzy
Armour
 f - a +1 buckler of reflection
 I - a +0 pair of gloves (worn)
Jewellery
 k - a ring of protection from magic (left hand)
 y - a ring of poison resistance (right hand)
 D - an uncursed ring of protection from fire
 F - an uncursed ring of sustain attributes
Wands
 H - a wand of lightning (4/15)
 N - a wand of flame (24/48)
Scrolls
 c - 3 scrolls of enchant weapon
 d - a scroll of magic mapping {unknown}
 l - a scroll of fear {unknown}
 q - 4 scrolls of teleportation
 t - 4 scrolls of fog
 u - a scroll of identify
 v - 2 scrolls of recharging
 x - 2 scrolls of enchant armour {unknown}
 J - a scroll of random uselessness {unknown}
Potions
 e - 5 potions of curing
 g - 8 potions of degeneration {unknown}
 h - 5 potions of heal wounds {unknown}
 j - a potion of berserk rage {unknown}
 n - a potion of agility {unknown}
 o - a potion of resistance {unknown}
 p - 2 potions of lignification {unknown}
 s - 5 potions of flight {unknown}
 w - a potion of cancellation {unknown}
 z - a potion of might {unknown}
 C - a potion of brilliance {unknown}
 E - a potion of ambrosia {unknown}
Books
 a - a book of Conjurations

   Spells                             Type                      Level
   a - Magic Dart                     Conjuration                  1
   b - Searing Ray                    Conjuration                  2
   c - Dazzling Spray                 Conjuration/Hexes            3
   d - Fulminant Prism                Conjuration/Hexes            4
   e - Iskenderun's Mystic Blast      Conjuration                  4
   f - Iskenderun's Battlesphere      Conjuration/Charms           5
 G - a book of Debilitation

   Spells                             Type                      Level
   a - Corona                         Hexes                        1
   b - Slow                           Hexes                        2
   c - Gell's Gravitas                Hexes/Translocation          3
   d - Inner Flame                    Hexes/Fire                   3
   e - Cause Fear                     Hexes                        4
   f - Leda's Liquefaction            Hexes/Earth                  4
Comestibles
 b - 7 bread rations
 i - 27 fruits
 m - 2 meat rations
 A - 4 royal jellies


   Skills:
 + Level 7.0 Fighting
 + Level 5.9 Long Blades
 + Level 2.1 Throwing
 + Level 9.2 Dodging
 + Level 4.7 Stealth
 + Level 6.2 Spellcasting
 + Level 7.1 Conjurations
 + Level 1.4 Hexes


You had 5 spell levels left.
You knew the following spells:

 Your Spells              Type           Power        Failure   Level  Hunger
a - Magic Dart            Conj           ####         1%          1    None
b - Searing Ray           Conj           ####..       1%          2    None
c - Dazzling Spray        Conj/Hex       ###...       10%         3    ##.....
d - Iskenderun's Mystic   Conj           ####....     8%          4    ####...
e - Fulminant Prism       Conj/Hex       ###.......   24%         4    ####...
f - Slow                  Hex            ##......     12%         2    None


Dungeon Overview and Level Annotations

Branches:
Dungeon (9/15)             Temple (1/1) D:5
   Lair: D:8-11         Orc: D:9-12

Altars:
Ashenzari
Cheibriados
Dithmenos
Elyvilon
Fedhas
Gozag
Hepliaklqana
Kikubaaqudgha
Makhleb
Nemelex Xobeh
Okawaru
Pakellas
Qazlal
Ru
Sif Muna
Trog
Uskayaw
Vehumet
Xom
Yredelemnul
Zin
The Shining One

Shops:
D:9 *

Annotations:
D:3 Gagarin's ghost, amateur DrCj
D:9 Erolcha


Innate Abilities, Weirdness & Mutations

You can spit globs of acid.
You are resistant to acid.
Your golden yellow scales are hard. (AC +7)
Your body does not fit into most forms of armour.
You are cold-blooded and may be slowed by cold attacks.


Message History

You hear a mighty clap of thunder!
The bolt of lightning hits Erolcha.
Erolcha is almost dead.
This wand has 5 charges left.
Erolcha misses you.
Evoke which item? (* to show all) (? for menu, Esc to quit)
Zapping:
H - a wand of lightning (5/15)
Press: ? - help, Shift-Dir - straight line, f/p - Erolcha
Aim: Erolcha, wielding a giant spiked club and wearing a robe (almost dead, fast)
You hear a mighty clap of thunder!
The bolt of lightning hits Erolcha.
Erolcha is almost dead.
This wand has 4 charges left.
Erolcha points at you and mumbles some strange words.
You suddenly lose the ability to move!
Your magical contamination has completely faded away.
Erolcha hits you with a giant spiked club!
Erolcha hits you with a giant spiked club!!
* * * LOW HITPOINT WARNING * * *
Erolcha hits you with a giant spiked club!!
You die...

#..#.#.###.# ##.##
#..........# ##...##
#........### #.....#
#.##.###.# ##...#####.
#.##.###.#######........
#.##..........O...######
#.######.##########
#.######O# #.......@#
##########


You could see Erolcha.

Vanquished Creatures
  Pikel (D:8)
  4 deep elf magi
  Prince Ribbit (D:6)
  A troll (D:9)
  4 yaks (D:9)
  Grum (D:8)
  A hippogriff (D:9)
  A sky beast (D:9)
  2 orc warriors
  2 ice beasts (D:7)
  2 slaves (D:8)
  A black bear (D:5)
  4 ogres
  3 phantoms
  3 wolves (D:8)
  A centaur (D:8)
  A crocodile (D:9)
  3 big kobolds
  2 giant frogs
  2 scorpions (D:8)
  A wyvern skeleton (D:8)
  3 killer bees
  7 wights
  2 crimson imps
  A jelly (D:5)
  A quasit (D:6)
  2 gnoll shamans
  3 orc priests
  7 hounds
  4 giant frog skeletons
  3 iguanas
  5 orc wizards
  8 worker ants
  5 hound zombies
  A hound skeleton (D:5)
  3 mummies
  7 adders
  14 gnolls
  An ooze (D:1)
  An adder skeleton (D:4)
  3 worms
  2 dart slugs
  3 giant geckos
  15 orcs
  4 giant cockroaches
  A gnoll zombie (Ossuary)
  9 goblins
  2 hobgoblins
  4 quokkas
  2 ball pythons (D:4)
  10 bats
  3 giant newts
  A goblin zombie (D:6)
  A hobgoblin zombie (D:6)
  A jackal skeleton (D:4)
  A jackal zombie (Ossuary)
  27 kobolds
  A kobold zombie (Ossuary)
  2 quokka skeletons
  7 rats
  2 rat zombies (Ossuary)
220 creatures vanquished.

Vanquished Creatures (others)
  An orc wizard (D:5)
  A giant gecko (D:8)
  A plant (D:4)
3 creatures vanquished.

Grand Total: 223 creatures vanquished

Notes
Turn   | Place    | Note
-------+----------+-------------------------------------------
     0 | D:1      | Gagarin the Draconian Conjurer began the quest for the Orb.
     0 | D:1      | Reached XP level 1. HP: 14/14 MP: 3/3
   414 | D:1      | Reached XP level 2. HP: 9/20 MP: 1/5
   737 | D:1      | Reached skill level 2 in Dodging
  1276 | D:2      | Reached XP level 3. HP: 22/26 MP: 0/6
  1552 | D:2      | Learned a level 2 spell: Searing Ray
  1556 | D:2      | Learned a level 3 spell: Dazzling Spray
  1862 | D:3      | Reached skill level 1 in Fighting
  1862 | D:3      | Reached XP level 4. HP: 17/35 MP: 7/7
  2065 | D:3      | Reached skill level 3 in Dodging
  2065 | D:3      | Reached XP level 5. HP: 12/41 MP: 0/8
  2368 | D:3      | Noticed Gagarin's ghost (amateur DrCj)
  2747 | D:4      | Noticed a phantom
  2786 | D:4      | Killed a phantom
  2786 | D:4      | Reached skill level 5 in Conjurations
  2786 | D:4      | Reached XP level 6. HP: 16/50 MP: 0/10
  3085 | D:4      | Found a hazy altar of Hepliaklqana.
  3364 | D:4      | Your scales start taking on a golden yellow colour.
  3364 | D:4      | Reached XP level 7. HP: 51/56 MP: 5/12
  3547 | D:4      | Reached skill level 4 in Dodging
  4040 | D:4      | Reached skill level 1 in Long Blades
  4381 | D:4      | Learned a level 4 spell: Iskenderun's Mystic Blast
  4551 | D:5      | Entered Level 5 of the Dungeon
  4811 | D:5      | Found a staircase to the Ecumenical Temple.
  4824 | D:5      | Reached XP level 8. HP: 55/63 MP: 9/14
  4837 | Temple   | Entered the Ecumenical Temple
  4946 | Temple   | Became a worshipper of Sif Muna the Loreminder
  5244 | D:5      | Found a deep blue altar of Sif Muna.
  5557 | D:5      | Reached skill level 5 in Dodging
  5831 | D:5      | Reached skill level 1 in Hexes
  6196 | D:5      | Reached skill level 5 in Spellcasting
  6235 | D:6      | Noticed Prince Ribbit
  6335 | D:6      | Found a sand-covered staircase.
  6387 | Ossuary  | Entered an ossuary
  6710 | D:6      | Killed Prince Ribbit
  7153 | D:6      | Reached skill level 6 in Dodging
  7542 | D:7      | Reached * piety under Sif Muna
  7542 | D:7      | Reached XP level 9. HP: 61/72 MP: 16/16
  7548 | D:7      | Learned a level 4 spell: Fulminant Prism
  7629 | D:7      | Reached skill level 1 in Throwing
  8034 | D:7      | Found a snail-covered altar of Cheibriados.
  8034 | D:7      | Found a basalt altar of Yredelemnul.
  8035 | D:7      | Found a glowing silver altar of Zin.
  8117 | D:7      | Found a flagged portal.
  8122 | D:7      | Reached skill level 5 in Fighting
  8126 | Bailey   | Entered a bailey
  8132 | Bailey   | Noticed a deep elf mage
  8140 | Bailey   | Killed a deep elf mage
  8229 | Bailey   | Noticed a deep elf mage
  8233 | Bailey   | Noticed a deep elf mage
  8234 | Bailey   | Killed a deep elf mage
  8234 | Bailey   | Reached skill level 7 in Dodging
  8235 | Bailey   | Noticed a deep elf mage
  8242 | Bailey   | Noticed a deep elf mage
  8242 | Bailey   | Killed a deep elf mage
  8247 | Bailey   | Noticed a deep elf mage
  8251 | Bailey   | Noticed a deep elf mage
  8258 | D:7      | Killed a deep elf mage
  8258 | D:7      | Reached XP level 10. HP: 44/83 MP: 1/18
  8866 | D:8      | Noticed Pikel
  8890 | D:8      | Killed Pikel
  8929 | D:8      | Reached skill level 5 in Long Blades
  9046 | D:8      | Reached skill level 8 in Dodging
  9091 | D:8      | Noticed Grum
  9106 | D:8      | Killed Grum
 11056 | D:9      | Learned a level 2 spell: Slow
 11094 | D:9      | Found Gozag's Platinum Reserve.
 11105 | D:9      | Found an opulent altar of Gozag.
 11136 | D:9      | Found a glowing golden altar of the Shining One.
 11153 | D:9      | Reached skill level 9 in Dodging
 11587 | D:9      | Noticed Erolcha
 11626 | D:9      | Paralysed by Erolcha for 4 turns
 11628 | D:9      | Demolished by Erolcha

Vault maps used:
D:1:      ncdulo_watergridlock
D:3:      uniq_robin
D:4:      kennysheep_kobold_camp, kennysheep_mini, minmay_fountain_box,
          minmay_joined_circles
D:5:      black_bear_nest_2, first_bread, tgw_sif
D:6:      nicolae_ossuary_entry_giza, uniq_prince_ribbit1
D:7:      gammafunk_temple_overflow_forgotten, enter_bailey_3
D:8:      uniq_pikel, uniq_grum
D:9:      nicolae_gozag_zags_fifth_avenue, old_standard_altar,
          blue_anna_alchemist, uniq_erolcha
Temple:   regret_index_temple_sphere_string
Ossuary:  ossuary_minmay_tomb_2a
Bailey:   bailey_polearm_3, bailey

Skill      XL: |  1  2  3  4  5  6  7  8  9 10 |
---------------+-------------------------------+-----
Dodging        | 2 3 4 6 7 9 |  9.2
Stealth        | 2 3 4 |  4.7
Fighting       | 1 2 3 4 6 7 |  7.0
Conjurations   | 5 6 7 |  7.1
Spellcasting   | 3 4 5 6 |  6.2
Long Blades    | 1 2 4 5 |  5.9
Hexes          | 1 |  1.4
Throwing       | 2 |  2.1

Action                   |  1- 3 |  4- 6 |  7- 9 | 10-12 || total
-------------------------+-------+-------+-------+-------++-------
Melee: Mace              |    64 |    20 |       |       ||    84
       Unarmed           |     8 |       |       |       ||     8
       Tailslap          |     5 |     6 |    40 |    30 ||    81
       Dagger            |       |    61 |     3 |       ||    64
       Falchion          |       |       |   192 |       ||   192
       Long sword        |       |       |   135 |   266 ||   401
 Fire: Blowgun           |       |       |    17 |       ||    17
 Cast: Magic Dart        |    36 |    33 |   101 |    24 ||   194
       Searing Ray       |       |     4 |    37 |    32 ||    73
       Dazzling Spray    |       |     1 |     8 |     3 ||    12
       Iskenderun's Myst |       |       |     2 |     2 ||     4
 Abil: Spit Acid         |       |       |    10 |     1 ||    11
Evoke: Wand              |       |       |       |     3 ||     3
  Use: Potion            |       |     3 |       |       ||     3
       Scroll            |       |       |     6 |     1 ||     7
 Stab: Sleeping          |     1 |       |     5 |     3 ||     9
  Eat: Chunk             |     3 |     3 |    14 |    11 ||    31
       Pizza             |       |     1 |       |       ||     1
       Beef jerky        |       |     1 |       |       ||     1
       Meat ration       |       |       |     1 |       ||     1
Armor: Skin              |    27 |    42 |   106 |    55 ||   230
Dodge: Dodged            |    58 |    77 |   278 |   198 ||   611
